cohdb
Replays
Latest Replays
All Replays
Popular Replays
Top Player Replays
Match Explorer
How It Works
Community
CoH3 Stats
Reddit
Sign in to upload your games and track your stats! →
Sign in with Steam
【map hack】High viewing angles steamid76561199690230301
Match 40889636
Overview
Messages
Build Orders
End
Vickers Machine Gun Team
Vickers Machine Gun Team
Construct Section Command Post
ML 3-inch Mortar Team
Selects Canadian Shock Battlegroup
Construct Platoon Command Post
Selects Attacking Spirit
Selects Canadian Shock Section
Canadian Shock Section
Canadian Shock Section
Selects Incendiary Munitions
Canadian Shock Section
Construct Company Command Post
Selects Pyrotechnics
Unlock Towed 17-pounder Anti-tank Guns
Selects Pyrotechnics
17-pounder Anti-tank Gun Team
Bueno
Thomas Shelby
Ghost
L1mbo
wila
LittleFatty233
Alika-v
糕团团
0
0
Comments
sign in to comment!
No comments posted yet!